 Dungeon Crawl Stone Soup version 0.24.1-14-gf8d2b509d9 (webtiles) character file.

Game seed: 9006035690060973162, levelgen mode: deterministic

134 Descartes the Ducker (level 4, -7/20 HPs)
             Began as a Felid Skald on June 1, 2020.
             Killed from afar by an orc wizard (8 damage)
             ... with a magic dart
             ... on level 3 of the Dungeon.
             The game lasted 00:06:18 (4011 turns).

Descartes the Ducker (Felid Skald)                  Turns: 4011, Time: 00:06:18

Health: -7/20      AC:  1    Str:  8    XL:     4   Next: 95%
Magic:  8/8        EV: 25    Int: 14    God:
Gold:   136        SH:  0    Dex: 20    Spells: 4/7 levels left
                                        Lives:  0   Deaths: 1

rFire    . . .     SeeInvis +     - Unarmed
rCold    . . .     Gourm    .   (shield unavailable)
rNeg     . . .     Faith    .   (armour unavailable)
rPois    .         Spirit   .   (helmet unavailable)
rElec    .         Reflect  .   (cloak unavailable)
rCorr    .         Harm     .   (gloves unavailable)
MR       .....                  (boots unavailable)
Stlth    ++++......             (no amulet)
HPRegen  0.06/turn              (no ring)
MPRegen  0.11/turn              (no ring)

@: agile, quick
A: very small, no armour, no weapons or thrown items, stealth, claws 1, fangs 3,
see invisible, carnivore, speed 1, shaggy fur 1, slow metabolism 1, sharp paws
a: no special abilities


You were on level 3 of the Dungeon.
You were completely stuffed.

You visited 1 branch of the dungeon, and saw 3 of its levels.

You collected 136 gold pieces.

Inventory:

Missiles
 d - 71 stones
 h - 16 arrows
Scrolls
 a - a scroll of enchant weapon {unknown}
 f - a scroll of remove curse {unknown}
Potions
 c - 4 potions of lignification
 e - a potion of agility
 g - a potion of brilliance
 i - a potion of curing {unknown}
 j - a potion of invisibility {unknown}
Comestibles
 b - 6 rations
 k - a chunk of flesh


   Skills:
 + Level 2.7 Fighting
 + Level 4.1 Dodging
 * Level 3.9 Stealth
 * Level 3.3 Unarmed Combat
 + Level 2.2 Spellcasting
 + Level 3.8 Charms
 + Level 1.6 Translocations


You had 4 spell levels left.
You knew the following spells:

 Your Spells              Type           Power        Failure   Level  Hunger
a - Infusion              Chrm           ##..         4%          1    #......
b - Shroud of Golubria    Chrm/Tloc      #.....       12%         2    ###....

Your spell library contained the following spells:

 Spells                   Type           Power        Failure   Level  Hunger
 Song of Slaying          Chrm           ##......     8%          2    ###....
 Regeneration             Chrm/Necr      #.........   32%         3    ###....
 Spectral Weapon          Hex/Chrm       Unusable     N/A         3    N/A

Dungeon Overview and Level Annotations

Branches:
Dungeon (3/15)

Altars:
Cheibriados
Hepliaklqana


Innate Abilities, Weirdness & Mutations

You cannot wear armour.
You are incapable of wielding weapons or throwing items.
Your paws allow you to move quietly. (Stealth)
You have sharp claws.
You have razor-sharp teeth.
You have supernaturally acute eyesight. (SInv)
You are carnivorous and can eat meat at any time.
You cover ground quickly.
You are covered in fur. (AC +1)
You have a slow metabolism.
Your sharp claws are effective at attacking unaware monsters.


Message History

The orc wizard is heavily wounded.
The orc closely misses you.
The orc wizard looks braver for a moment.
You scratch the orc wizard but do no damage.
The orc wizard is heavily wounded.
The orc misses you. The orc wizard misses you.
You scratch the orc wizard.
The orc wizard is severely wounded.
The orc hits you.
* * * LOW HITPOINT WARNING * * *
You scratch the orc wizard but do no damage.
You bite the orc wizard.
The orc wizard is severely wounded.
The orc wizard casts a spell at you. The puff of frost misses you.
The orc misses you.
It was a potion of agility.
You feel agile all of a sudden.
The orc wizard gestures at you while chanting.
The magic dart hits you!
You die...

..###...##### #......# #..# #.#
###.### #......#####..# #.#
#...### #...<..##.....# #.#
#.#...# #..........##.# #.#
#.###.## #######......##.# #.#
#.# #..###.######.....##.# #.#
#.# ##.........##.....##.#
#.#####.######.###.)...........#
...............o@..###.......###
#.######.###.##o####........##
..# #.# ## ...##.....# ..# #..#
..### ##....# ..# ##... # #.#.##
... ..#.# #.#.# ### s## ho .#g#
.# ## ..


You could see an orc wizard and an orc.

Vanquished Creatures
  Natasha (thrice) (D:3 D:2)
  Robin (D:1)
  An adder (D:2)
  A worm (D:2)
  3 leopard geckos
  An orc (D:3)
  A ball python (D:1)
  5 giant cockroaches
  14 goblins
  10 hobgoblins (D:1)
  8 jackals
  6 kobolds
  A quokka (D:3)
  7 bats
  6 frilled lizards
  5 rats
73 creatures vanquished.

Notes
Turn   | Place    | Note
-------+----------+-------------------------------------------
     0 | D:1      | Descartes the Felid Skald began the quest for the Orb.
     0 | D:1      | Reached XP level 1. HP: 9/9 MP: 4/4
    35 | D:1      | Reached skill level 1 in Stealth
    83 | D:1      | Reached XP level 2. HP: 10/13 MP: 6/6
   741 | D:1      | Reached XP level 3. HP: 2/16 MP: 7/7
  1368 | D:2      | Noticed Robin
  2388 | D:1      | Learned a level 2 spell: Shroud of Golubria
  2400 | D:1      | Killed Robin
  2400 | D:1      | Reached XP level 4. HP: 15/20 MP: 6/8
  2622 | D:2      | Found a snail-covered altar of Cheibriados.
  2714 | D:2      | Found a faded altar of an unknown god.
  2736 | D:2      | Found a hazy altar of Hepliaklqana.
  2803 | D:2      | Mangled by a worm
  2804 | D:2      | Reached XP level 3. HP: -7/16 MP: 7/7
  3397 | D:3      | Noticed Natasha
  3415 | D:3      | Killed Natasha
  3415 | D:3      | Reached XP level 4. HP: 9/20 MP: 5/8
  3419 | D:3      | Reached skill level 1 in Translocations
  3425 | D:3      | Noticed Natasha
  3616 | D:2      | Reached skill level 4 in Dodging
  3787 | D:2      | Killed Natasha
  3893 | D:2      | Noticed Natasha
  3901 | D:2      | Killed Natasha
  4009 | D:3      | HP: 1/20 [orc (3)]
  4011 | D:3      | Killed from afar by an orc wizard

Levels and vault maps discovered:
D:1:      minmay_arrival_up_and_down, layout_loops_cross
D:2:      layout_loops_ring, lemuel_doored_altar, cheibriados_altar_1,
          chequers_ecumenical_altar_simple, minmay_quantized, uniq_robin
D:3:      layout_rooms, uniq_natasha

Skill      XL: |  1  2  3  4 |
---------------+-------------+-----
Stealth        | 1 2 3 |  3.9
Unarmed Combat | 3 |  3.3
Translocations | 1 |  1.6
Dodging        | 4 |  4.1
Fighting       | |  2.7
Spellcasting   | |  2.2
Charms         | |  3.8

Action                   |  1- 3 |  4- 6 || total
-------------------------+-------+-------++-------
Melee: Unarmed           |   189 |    74 ||   263
       Bite              |    14 |     7 ||    21
       Punch             |     5 |       ||     5
 Cast: Shroud of Golubri |     4 |     2 ||     6
  Use: Scroll            |     2 |       ||     2
       Potion            |       |     1 ||     1
 Stab: Sleeping          |     4 |     2 ||     6
  Eat: Chunk             |    17 |     2 ||    19
Armor: Skin              |    12 |     1 ||    13
Dodge: Dodged            |   184 |    78 ||   262
